 Dungeon Crawl Stone Soup version 0.31-a0-234-gad7ace16ef (webtiles) character file.

Game seed: 920404187140916902

69 qw the Shooter (level 4, -3/36 HPs)
             Began as a Minotaur Hexslinger on July 9, 2023.
             Killed from afar by an orc wizard (5 damage)
             ... with a puff of flame
             ... on level 2 of the Dungeon.
             The game lasted 00:00:38 (2138 turns).

qw the Shooter (Minotaur Hexslinger)                Turns: 2138, Time: 00:00:39

Health: -3/36      AC:  7    Str: 13    XL:     4   Next: 2%
Magic:  4/4        EV: 11    Int: 10    God:
Gold:   106        SH:  0    Dex: 14    Spells: 4/5 levels left

rFire   . . .        Y - +1 sling
rCold   . . .        (no shield)
rNeg    . . .        a - +0 ring mail
rPois   .            (helmet restricted)
rElec   .            (no cloak)
rCorr   .            j - +0 pair of gloves
SInv    .            e - +0 pair of boots
Will    .....        (no amulet)
Stlth   +            (no ring)
HPRegen 0.26/turn    (no ring)
MPRegen 0.09/turn

%: no passive effects
@: no status effects
A: horns 2, retaliatory headbutt
a: no special abilities


You were on level 2 of the Dungeon.
You visited 1 branch of the dungeon, and saw 3 of its levels.

You collected 106 gold pieces.


Innate Abilities, Weirdness & Mutations

You have a pair of horns on your head.
You reflexively headbutt those who attack you in melee.


   Skills:
 - Level 2.0 Fighting
 + Level 4.3 Ranged Weapons
 - Level 1.0 Armour
 - Level 2.1 Dodging
 - Level 1.0 Spellcasting
 - Level 2.0 Hexes


You had 4 spell levels left.
You knew the following spells:

 Your Spells              Type           Power      Damage    Failure   Level
a - Slow                  Hex            16%        N/A       32%         1

Your spell library contained the following spells:

 Spells                   Type           Power      Damage    Failure   Level
 Inner Flame              Hex/Fire       2%         N/A       82%         3
 Portal Projectile        Hex/Tloc       4%         N/A       82%         3
 Cause Fear               Hex            2%         N/A       97%         4

Inventory:

Hand Weapons
 Y - a +1 sling (weapon)
Armour
 a - a +0 ring mail (worn)
 e - a +0 pair of boots (worn)
 j - a +0 pair of gloves (worn)
Scrolls
 d - a scroll of identify
Potions
 h - a potion of curing

Dungeon Overview and Level Annotations

Branches:
Dungeon (3/15)

Altars:

Shops:
D:2 (

Annotations:
D:2 1 runed translucent door, Crazy Yiuf


Message History

You hear some strange, mumbled words.
You are confused.
The orc closely misses you. Something hits you but does no damage.
2128 ||| DRINKING 2 potions of curing.
You feel better.
2128 ||| (to cure confusion)
Something barely misses you. The orc barely misses you.
You shoot a sling bullet. The sling bullet hits the orc!
You kill the orc!
You hear some strange, mumbled words.
A puff of flame appears from out of thin air!
The puff of flame hits you!
You have reached level 4!
You feel stronger.
You shoot a sling bullet.
You hear some strange, mumbled words.
You are confused.
You shoot a sling bullet. Something hits you but does no damage.
You hear some strange, mumbled words.
A magic dart appears from out of thin air!
The magic dart hits you.
You shoot a sling bullet. Something hits you but does no damage.
You shoot a sling bullet. Something hits you.
You shoot a sling bullet.
Something hits you but does no damage. x2
You shoot a sling bullet. Something hits you.
You shoot a sling bullet.
You feel less confused. Something hits you but does no damage.
You shoot a sling bullet.
You hear some strange, mumbled words.
A magic dart appears from out of thin air!
The magic dart hits you!
You shoot a sling bullet.
You hear some strange, mumbled words.
A puff of flame appears from out of thin air!
The puff of flame hits you.
You die...

#.# #.##.........# ###.###
#.#####.##.###.###.# ##......
#.......##.# #.# #.# #...777.
##.....####.###.# #.# #..7# #7
#....)..###.##..# #.# #..7 7
.........##.#...###.######..7# #7
.........'...................777.
.........##.........#######......
#.......###....)@...# #...[..#
##.....## #.#....{#.# #...#.##
##...## #.#.....#.# #.###.# ##'##
#.#.....#.# #.....## #.#
#.#.....#.# #.#..... #.#
#.#.....#.# #.#.#... ##.##
#.........# #.#...##
##...#########.##### #.#..##.
##.....#.....##.# #.#...##


There were no monsters in sight!

Vanquished Creatures
  An adder (D:3)
  A worm (D:2)
  A dart slug (D:2)
  An orc (D:2)
  4 bats
  6 endoplasms
  3 giant cockroaches (D:2)
  3 goblins (D:1)
  2 hobgoblins
  6 jackals
  5 kobolds
  5 quokkas
  4 ball pythons
  2 frilled lizards (D:2)
  5 rats
49 creatures vanquished.

Vanquished Creatures (others)
  An endoplasm (D:3)
1 creature vanquished.

Grand Total: 50 creatures vanquished

Notes
Turn   | Place    | Note
-------+----------+-------------------------------------------
     0 | D:1      | qw the Minotaur Hexslinger began the quest for the Orb.
     0 | D:1      | Reached XP level 1. HP: 16/16 MP: 1/1
     0 | D:1      | 0 ||| qw: Version: 0.3-a-51-g015441d
     0 | D:1      | 0 ||| qw: Game counter: 4285
     0 | D:1      | 0 ||| qw: Melee chars always use a shield: true
     0 | D:1      | 0 ||| qw: God list: Okawaru
     0 | D:1      | 0 ||| qw: Allow faded altars: false
     0 | D:1      | 0 ||| qw: Do Orc after clearing Dungeon:15 true
     0 | D:1      | 0 ||| qw: Do second Lair branch before Depths: true
     0 | D:1      | 0 ||| qw: Lair rune preference: random
     0 | D:1      | 0 ||| qw: Goals: Normal
     0 | D:1      | 0 ||| PLANNING D:1-11
   111 | D:1      | Reached skill level 3 in Ranged Weapons
   135 | D:1      | Reached XP level 2. HP: 23/23 MP: 2/2
   938 | D:1      | 938 ||| UPGRADING to +0 pair of boots.
   943 | D:1      | 943 ||| UPGRADING to +0 pair of gloves.
   948 | D:1      | 948 ||| READING scroll labelled ARUAHE FOMYJ.
   952 | D:1      | 952 ||| READING scroll labelled DYUMEL JO TILA.
   953 | D:1      | 953 ||| READING scroll labelled KEEKHL DILESATSU.
   954 | D:1      | 954 ||| READING scroll labelled JIUTOGONUH.
   955 | D:1      | 955 ||| DROPPING scroll of poison.
  1015 | D:2      | Found Mazaocvist's Weapon Shoppe.
  1108 | D:2      | Reached XP level 3. HP: 29/29 MP: 3/3
  1382 | D:2      | Reached skill level 4 in Ranged Weapons
  1729 | D:2      | Found a runed translucent door.
  1730 | D:2      | Noticed Crazy Yiuf
  1966 | D:2      | 1966 ||| UPGRADING to +0 ring mail.
  1976 | D:2      | 1976 ||| DROPPING +0 robe.
  1977 | D:2      | 1977 ||| READING scroll labelled NYLUTUELOE.
  1978 | D:2      | 1978 ||| DRINKING 3 grey potions.
  2022 | D:3      | Reached skill level 1 in Armour
  2024 | D:3      | 2024 ||| Stepping ~*~*~tactically~*~*~ (outnumbered).
  2028 | D:3      | 2028 ||| STAIRDANCE
  2115 | D:3      | 2115 ||| STAIRDANCE
  2125 | D:2      | HP: 7/29 [something (4)]
  2128 | D:2      | 2128 ||| DRINKING 2 potions of curing.
  2128 | D:2      | 2128 ||| (to cure confusion)
  2130 | D:2      | Reached XP level 4. HP: 15/36 MP: 4/4
  2133 | D:2      | HP: 9/36 [something (1)]
  2137 | D:2      | HP: 2/36 [something/magic dart (7)]
  2138 | D:2      | Killed from afar by an orc wizard

Levels and vault maps discovered:
D:1:      saegor_arrival_fortress, layout_basic, minmay_misc_feat_square,
          kennysheep_minor_cross
D:2:      layout_loops_corners, serial_shops, nicolae_shop_crystal,
          minmay_stone_trees_small, minmay_worlds_worst_comb,
          uniq_crazy_yiuf_cottage
D:3:      layout_rooms, serial_co_window_serial, co_window_of_opportunity_a,
          co_window_paths_a, co_window_paths_a, co_window_paths_a,
          co_window_corner_a, co_window_paths_a, co_window_paths_b,
          co_window_of_opportunity_a, co_window_of_opportunity_a,
          co_window_2corner, co_window_corner_b, co_window_corner_ca,
          co_window_4corner_a, glass_columns_b, serial_shops, shop,
          lemuel_flame_loot_1

Skill      XL: |  1  2  3 |
---------------+----------+-----
Ranged Weapons | 3 4 |  4.3
Fighting       | 2 |  2.0
Armour         | 1 |  1.0
Dodging        | |  2.1
Spellcasting   | |  1.0
Hexes          | |  2.0

Action                     |  1- 3 |  4- 6 || total
---------------------------+-------+-------++-------
   Fire: Sling             |   137 |     9 ||   146
    Use: Scroll            |     5 |       ||     5
         Potion            |     2 |       ||     2
 Armour: Robe              |     7 |       ||     7
         Ring mail         |    12 |     5 ||    17
  Dodge: Dodged            |    43 |       ||    43

Table legend:
 A = Non-vault XP
 B = Vault XP
 C = Vault XP percentage of total XP
 D = Non-vault monster count
 E = Vault monster count
 F = Vault count percentage of total count
                 A         B        C        D         E       F
            +---------+---------+-------+---------+---------+-------
      Total |      93 |       6 |   6.1 |      46 |       3 |   6.1
            +---------+---------+-------+---------+---------+-------
        D:1 |      33 |       0 |   0.0 |      19 |       0 |   0.0
        D:2 |      47 |       6 |  11.3 |      26 |       3 |  10.3
        D:3 |      13 |       0 |   0.0 |       1 |       0 |   0.0
            +---------+---------+-------+---------+---------+-------
